 Dungeon Crawl Stone Soup version 0.21-a0-509-gecc5317 (webtiles) character file.

119 slep the Chopper (level 4, 0/38 HPs)
             Began as a Minotaur Gladiator on Nov 30, 2017.
             Slain by Duvessa
             ... wielding a +0 rapier
              (5 damage)
             ... on level 4 of the Dungeon on Dec 1, 2017.
             The game lasted 00:06:31 (2341 turns).

slep the Chopper (Minotaur Gladiator)               Turns: 2341, Time: 00:06:31

Health: 0/38       AC:  5    Str: 19    XL:     4   Next: 73%
Magic:  3/3        EV: 12    Int:  5    God:
Gold:   123        SH:  0    Dex:  7    Spells: 3/3 levels left

rFire    . . .     SeeInvis .   a - +0 war axe
rCold    . . .     Gourm    .   (no shield)
rNeg     . . .     Faith    .   v - +0 ring mail
rPois    .         Spirit   .   c - +0 hat
rElec    .         Reflect  .   (no cloak)
rCorr    .         Harm     .   (no gloves)
MR       .....                  (no boots)
Stlth    ..........             (no amulet)
HPRegen  0.12/turn              r - -5 ring of dexterity (curse)
MPRegen  0.08/turn              (no ring)

@: hasted, glowing, very quick
A: retaliatory headbutt, horns 2
a: no special abilities


You were on level 4 of the Dungeon.
You were hungry.

You visited 1 branch of the dungeon, and saw 4 of its levels.

You collected 123 gold pieces.

Inventory:

Hand Weapons
 a - a +0 war axe (weapon)
 t - a +0 blowgun
Missiles
 d - 3 throwing nets (quivered)
 w - 15 poisoned needles
Armour
 b - a +0 leather armour
 c - a +0 hat (worn)
 v - a +0 ring mail (worn)
Jewellery
 r - a cursed -5 ring of dexterity (left hand)
Wands
 s - a wand of enslavement (9)
 u - a wand of iceblast (7)
Scrolls
 g - a scroll of identify {unknown}
 i - a scroll of enchant weapon {unknown}
 j - a scroll of magic mapping {unknown}
 k - 5 scrolls of remove curse {unknown}
 l - a scroll of immolation {unknown}
 m - a scroll of teleportation {unknown}
 p - a scroll of blinking {unknown}
 q - a scroll of enchant armour {unknown}
Potions
 e - a potion of cancellation
 h - a potion of haste
 o - a potion of curing {unknown}
Comestibles
 f - 3 bread rations
 n - a meat ration


   Skills:
 + Level 3.1 Fighting
 + Level 5.0 Axes
 + Level 2.2 Throwing
 + Level 2.1 Armour
 + Level 3.8 Dodging
 + Level 0.7 Stealth


You had 3 spell levels left.
You didn't know any spells.

Dungeon Overview and Level Annotations

Branches:
Dungeon (4/15)
 Temple: D:4-7

Altars:
Xom

Annotations:
D:4 Dowan, Duvessa


Innate Abilities, Weirdness & Mutations

You reflexively headbutt those who attack you in melee.
You have a pair of horns on your head.


Message History

You are outlined in light.
Duvessa hits you but does no damage.
You barely miss Duvessa. You hit Dowan.
Dowan points at you and mumbles some strange words.
The puff of frost misses you. Duvessa hits you with a rapier.
You hit Duvessa.
Duvessa is lightly wounded.
You closely miss Dowan. Dowan closely misses you.
You hit Duvessa but do no damage.
Duvessa is lightly wounded.
You closely miss Dowan. Duvessa hits you but does no damage.
Dowan completely misses you. You furiously retaliate!
You headbutt Dowan. You hit Duvessa but do no damage.
Duvessa is lightly wounded.
You slash Dowan! Duvessa hits you with a rapier!
* * * LOW HITPOINT WARNING * * *
You barely miss Duvessa. You headbutt Duvessa, but do no damage.
Duvessa is lightly wounded.
You barely miss Dowan. Dowan closely misses you.
Duvessa hits you with a rapier.
You die...

#### #### #.... ...#
#.... ....# #...#
....#
###+#####...##.....#
#............#.....#
#
#...........ee.....#
# +...........@# #
#..###.##..## #
##..###.##..##..# #
#...............# #
#...............+
#####..###'####+#####
....#..#..........
....#..#..........
....'..#..........


You could see Duvessa and Dowan.

Vanquished Creatures
  Ijyb (D:3)
  3 adders
  An adder skeleton (D:4)
  An adder zombie (D:4)
  2 worms (D:3)
  2 dart slugs
  2 leopard geckos
  2 orcs (D:3)
  5 goblins
  5 hobgoblins
  3 jackals (D:3)
  10 kobolds
  A ball python (D:1)
  4 bats
  2 frilled lizards
  7 rats
51 creatures vanquished.

Vanquished Creatures (others)
  5 dream sheep (D:3)
5 creatures vanquished.

Grand Total: 56 creatures vanquished

Notes
Turn   | Place    | Note
-------+----------+-------------------------------------------
     0 | D:1      | slep the Minotaur Gladiator began the quest for the Orb.
     0 | D:1      | Reached XP level 1. HP: 18/18 MP: 0/0
    61 | D:1      | Reached XP level 2. HP: 24/25 MP: 1/1
   398 | D:1      | Reached skill level 4 in Axes
  1019 | D:2      | Reached XP level 3. HP: 20/30 MP: 2/2
  1537 | D:3      | Found a shimmering altar of Xom.
  1537 | D:3      | Noticed a dream sheep
  1537 | D:3      | Noticed a dream sheep
  1537 | D:3      | Noticed a dream sheep
  1537 | D:3      | Noticed a dream sheep
  1537 | D:3      | Noticed a dream sheep
  1541 | D:3      | Killed a dream sheep
  1541 | D:3      | Killed a dream sheep
  1542 | D:3      | Killed a dream sheep
  1543 | D:3      | Killed a dream sheep
  1543 | D:3      | Killed a dream sheep
  1621 | D:3      | Reached skill level 1 in Armour
  1633 | D:3      | Noticed Ijyb
  1648 | D:3      | Killed Ijyb
  1648 | D:3      | Reached XP level 4. HP: 17/37 MP: 3/3
  2271 | D:4      | Reached skill level 5 in Axes
  2331 | D:4      | Noticed Dowan
  2332 | D:4      | Noticed Duvessa
  2341 | D:4      | Slain by Duvessa

Vault maps used:
D:1:      dpeg_arrival_houses_and_road
D:2:      hex_large, minmay_misc_feat_x
D:3:      kb_xom_exploding_sheep, uniq_ijyb
D:4:      uniq_duvessa

Skill      XL: |  1  2  3  4 |
---------------+-------------+-----
Axes           | 4 5 |  5.0
Armour         | 1 2 |  2.1
Fighting       | 3 |  3.1
Throwing       | |  2.2
Dodging        | |  3.8
Stealth        | |  0.7

Action                   |  1- 3 |  4- 6 || total
-------------------------+-------+-------++-------
Melee: War axe           |    75 |    43 ||   118
       Headbutt          |    13 |     2 ||    15
  Use: Potion            |       |     2 ||     2
 Stab: Sleeping          |     1 |       ||     1
  Eat: Chunk             |     2 |     2 ||     4
Armor: Leather armour    |    15 |       ||    15
       Ring mail         |       |    15 ||    15
Dodge: Dodged            |    49 |    39 ||    88

Table legend:
 A = Spawn XP
 B = Non-spawn XP
 C = Spawn XP percentage of total XP
 D = Spawn monster count
 E = Non-spawn monster count
 F = Spawn count percentage of total count
 G = Total turns spent on level
                    A         B        C        D         E        F      G
               +---------+---------+-------+---------+---------+-------+---------
         Total |       0 |     170 |   0.0 |       0 |      51 |   0.0 |  2341
               +---------+---------+-------+---------+---------+-------+---------
           D:1 |       0 |      26 |   0.0 |       0 |      15 |   0.0 |   750
           D:2 |       0 |      22 |   0.0 |       0 |      14 |   0.0 |   639
           D:3 |       0 |      99 |   0.0 |       0 |      19 |   0.0 |   851
           D:4 |       0 |      23 |   0.0 |       0 |       3 |   0.0 |   101
               +---------+---------+-------+---------+---------+-------+---------
